Atlantic City Gamblers vs Laval Rocket

Created - Friday, September 19, 2025 at 07:35

Goals
1 2 3 T
Atlantic City Gamblers 1 2 1 4
Laval Rocket 1 2 0 3
Shots
1 2 3 T
Atlantic City Gamblers 8 13 10 31
Laval Rocket 8 16 9 33

1st period

1. Atlantic City Gamblers , Hendrix Lapierre 17 (Yegor Chinakhov 44, Thomas Bordeleau 16) at 12:22
2. Laval Rocket , Jackson Blake 27 (Tobias Bjornfot 14) at 18:32

Penalties :
Roman Schmidt (LAV) for Holding (Minor) at 1:06, Jet Greaves (LAV) for Slashing (Minor) at 6:30 - Justin Hryckowian served the penalty, Jackson Blake (LAV) for Cross-checking (Minor) at 12:34, David Spacek (LAV) for Roughing (Minor) at 15:45

2nd period

3. Laval Rocket , Ethen Frank 26 (Vasili Ponomarev 18) at 3:28
4. Atlantic City Gamblers , Alexander Holtz 9 (Ivan Miroshnichenko 15, Thomas Bordeleau 17) at 8:55
5. Atlantic City Gamblers , Ivan Miroshnichenko 21 (Alexander Holtz 9, Shakir Mukhamadullin 8) at 17:36
6. Laval Rocket , Vasili Ponomarev 11 (Justin Hryckowian 39, Jet Greaves) at 19:05

Penalties :
Justin Hryckowian (LAV) for Fighting (Major) at 2:31, Boris Katchouk (ACG) for Fighting (Major) at 2:31, Noah Warren (ACG) for Goalie Interference (Minor) at 12:13

3rd period

7. Atlantic City Gamblers , Nathan Bastian 22 (Nils Hoglander 33, Shakir Mukhamadullin 9) at 17:06

Penalties :
Filip Roos (ACG) for Tripping (Minor) at 0:22, Lian Bichsel (LAV) for Diving (Minor) at 4:54, Lian Bichsel (LAV) for Hooking (Minor) at 11:51, Noah Juulsen (ACG) for Holding (Minor) at 19:41

Goalie Stats

Jan Bednar (ACG), 30 saves from 33 shots - (0.909), W, 5-2-0, 60:00 minutes
Jet Greaves (LAV), 27 saves from 31 shots - (0.871), L, 7-7-0, 58:31 minutes

Players Stats for Atlantic City Gamblers

Player Name              G  A  P  +/- PIM S  H  SB GA TA FO     MP     PP MP  PK MP  
------------------------------------------------------------------------------------
Alexander Holtz          1  1  2   1  0   3  0  0  2  0  0/0    12:26   0:00   0:00 
Ben King                 0  0  0   0  0   0  0  0  0  0  0/0     0:50   0:00   0:37 
Boris Katchouk           0  0  0  -1  5   4  1  0  1  1  0/1    15:18   5:56   0:00 
Caedan Bankier           0  0  0   1  0   0  0  1  1  2  5/13   12:12   0:26   0:00 
Filip Roos               0  0  0   0  2   1  0  2  0  0  0/0    14:50   0:00   1:30 
Hendrix Lapierre         1  0  1   0  0   3  0  0  0  1  1/2    18:38   5:35   0:00 
Ivan Miroshnichenko      1  1  2   2  0   4  0  0  0  1  0/0    17:05   6:15   0:00 
Jean-Luc Foudy           0  0  0   0  0   0  0  0  0  0  0/2    10:22   0:00   0:00 
Marek Alscher            0  0  0   1  0   0  2  0  0  2  0/0    11:02   0:00   0:12 
Nathan Bastian           1  0  1   1  0   2  0  0  0  0  0/0     9:26   0:13   2:16 
Nils Hoglander           0  1  1   0  0   1  2  0  0  0  0/0    14:39   5:58   0:12 
Noah Juulsen             0  0  0  -1  2   2  2  1  1  1  0/0    23:53   5:51   2:00 
Noah Warren              0  0  0   1  2   0  0  1  0  1  0/0    17:35   0:00   0:52 
Ronnie Attard            0  0  0   1  0   0  0  0  0  1  0/0    12:59   0:00   1:57 
Shakir Mukhamadullin     0  2  2   1  0   0  0  1  1  2  0/0    25:00   6:03   2:01 
Thomas Bordeleau         0  2  2   0  0   2  1  0  1  0  10/18  21:12   5:45   2:15 
Tristan Broz             0  0  0  -1  0   2  4  1  2  0  15/25  19:19   5:43   1:36 
Yegor Chinakhov          0  1  1   0  0   3  2  0  2  0  1/2    19:06   5:49   0:00 
Yegor Sokolov            0  0  0  -1  0   4  1  2  0  0  0/0    19:48   5:56   1:36 

Players Stats for Laval Rocket

Player Name              G  A  P  +/- PIM S  H  SB GA TA FO     MP     PP MP  PK MP  
------------------------------------------------------------------------------------
                         0  0  0   0  0   0  0  0  0  0  0/0     0:00   0:00   0:00 
Arttu Hyry               0  0  0   2  0   6  2  0  2  1  1/3    24:28   2:11   5:37 
Colin Miller             0  0  0  -3  0   3  0  3  1  0  0/0    26:38   2:06   5:55 
David Spacek             0  0  0   2  2   1  1  1  0  0  0/0    20:37   2:10   4:26 
Ethen Frank              1  0  1  -1  0   1  0  1  2  0  0/1    13:54   2:05   0:00 
Felix Unger Sorum        0  0  0   1  0   0  1  0  0  0  0/1     4:46   0:05   0:16 
Fyodor Svechkov          0  0  0   2  0   2  1  0  0  1  3/10   20:52   2:06   6:02 
Gleb Veremyev            0  0  0   0  0   0  0  0  0  0  0/0     0:55   0:05   0:00 
Jackson Blake            1  0  1   2  2   8  2  0  1  1  8/17   19:23   2:06   4:30 
Justin Hryckowian        0  1  1  -2  5   1  2  0  0  0  8/12   17:07   2:05   4:54 
Lian Bichsel             0  0  0  -3  4   2  2  0  0  2  0/0    24:41   2:06   3:54 
Martin Chromiak          0  0  0   0  0   0  0  0  0  1  1/1     5:20   0:00   0:00 
Mikko Kokkonen           0  0  0   0  0   0  1  0  0  1  0/0    11:55   0:00   0:42 
Oliver Kapanen           0  0  0  -2  0   2  0  0  0  1  1/1    13:26   0:00   0:00 
Olle Lycksell            0  0  0  -2  0   5  1  0  5  1  0/0    13:26   0:00   0:00 
Roman Schmidt            0  0  0   0  2   0  1  1  0  0  0/0    14:14   0:00   2:52 
Stephen Halliday         0  0  0  -2  0   1  3  1  1  0  4/7    16:10   0:00   2:27 
Tobias Bjornfot          0  1  1   2  0   0  0  1  0  0  0/0    22:12   2:10   6:01 
Vasili Ponomarev         1  1  2  -1  0   1  1  0  0  2  5/10   17:56   2:05   0:00 

3 Stars

1 - Ivan Miroshnichenko (ACG)
2 - Alexander Holtz (ACG)
3 - Shakir Mukhamadullin (ACG)

Power Play

Atlantic City Gamblers - 0 on 6 Attempt(s) - 0.00%
Laval Rocket - 0 on 3 Attempt(s) - 0.00%

Penalty Kill

Atlantic City Gamblers - 3 on 3 Attempt(s) - 100.00% - Score 0 goal in Penalty Kill
Laval Rocket - 6 on 6 Attempt(s) - 100.00% - Score 0 goal in Penalty Kill

Team Stat

Atlantic City Gamblers - Hits : 15 - Faceoff Wins : 32 - Blocked Shots : 9 - Penalty Minutes : 11
Laval Rocket - Hits : 18 - Faceoff Wins : 31 - Blocked Shots : 8 - Penalty Minutes : 17

Official

Referees : Ghislain Hebert and Eric Furlatt
Linesman : Mark Shewchyk and Steve Barton

Game Notes

Justin Hryckowian and Boris Katchouk fight to a draw at 2:31 of 2nd period

Atlantic City Gamblers

5 vs 5 Forward 
   Center                   Left Wing                Right Wing               Time % Phy DF OF 
 1 Thomas Bordeleau         Yegor Chinakhov          Hendrix Lapierre         30     1   1  3  
 2 Tristan Broz             Yegor Sokolov            Boris Katchouk           30     1   1  3  
 3 Caedan Bankier           Alexander Holtz          Ivan Miroshnichenko      25     0   2  3  
 4 Jean-Luc Foudy           Nathan Bastian           Nils Hoglander           15     1   2  2  

5 vs 5 Defense 
   Defense                  Defense                                           Time % Phy DF OF 
 1 Noah Juulsen             Filip Roos                                        38     1   3  1  
 2 Shakir Mukhamadullin     Noah Warren                                       37     1   3  1  
 3 Marek Alscher            Ronnie Attard                                     25     1   3  1  
 4 Marek Alscher            Ronnie Attard                                     0      1   3  1  

PowerPlay Forward 
   Center                   Left Wing                Right Wing               Time % Phy DF OF 
 1 Thomas Bordeleau         Yegor Chinakhov          Hendrix Lapierre         50     0   1  4  
 2 Tristan Broz             Yegor Sokolov            Boris Katchouk           50     0   1  4  

PowerPlay Defense
   Defense                  Defense                                           Time % Phy DF OF 
 1 Noah Juulsen             Nils Hoglander                                    50     0   2  3  
 2 Shakir Mukhamadullin     Ivan Miroshnichenko                               50     0   2  3  

Penalty Kill 4 Players Forward 
   Center                   Wing                     Time % Phy DF OF 
 1 Thomas Bordeleau         Nathan Bastian           55     0   4  1  
 2 Tristan Broz             Yegor Sokolov            45     0   4  1  

Penalty Kill 4 Players Defense
   Defense                  Defense                  Time % Phy DF OF 
 1 Noah Juulsen             Filip Roos               55     1   3  1  
 2 Shakir Mukhamadullin     Noah Warren              45     1   3  1  

Penalty Kill - 3 Players Forward 
   Forward                                           Time % Phy DF OF 
 1 Thomas Bordeleau                                  50     0   5  0  
 2 Tristan Broz                                      50     0   5  0  

Penalty Kill - 3 Players Defense
   Defense                  Defense                  Time % Phy DF OF 
 1 Noah Juulsen             Filip Roos               50     2   3  0  
 2 Shakir Mukhamadullin     Noah Warren              50     2   3  0  

4 vs 4 Forward 
   Center                   Wing                     Time % Phy DF OF 
 1 Thomas Bordeleau         Nils Hoglander           45     0   1  4  
 2 Tristan Broz             Boris Katchouk           55     0   1  4  

4 vs 4 Defense
   Defense                  Defense                  Time % Phy DF OF 
 1 Noah Juulsen             Filip Roos               45     0   2  3  
 2 Shakir Mukhamadullin     Noah Warren              55     0   2  3  

Last Minutes Offensive
   Center                   Left Wing                Right Wing               Defense                  Defense                  
   Tristan Broz             Yegor Chinakhov          Nils Hoglander           Shakir Mukhamadullin     Hendrix Lapierre         

Last Minutes Defensive
   Center                   Left Wing                Right Wing               Defense                  Defense                  
   Tristan Broz             Yegor Sokolov            Ivan Miroshnichenko      Noah Juulsen             Shakir Mukhamadullin     

Goaltenders
Starting : Jan Bednar               
Backup : Brandon Halverson        

Extra Forwards
Normal : Jean-Luc Foudy, Nils Hoglander, Alexander Holtz - PP : Yegor Sokolov, Ivan Miroshnichenko - PK : Ben King
Extra Defensemen
Normal : Marek Alscher, Ronnie Attard, Noah Warren - PP : Marek Alscher - PK : Ronnie Attard, Noah Warren
Penalty Shots
Yegor Chinakhov, Tristan Broz, Boris Katchouk, Yegor Sokolov, Thomas Bordeleau

Scratches
Artyom Grushnikov (Healthy), Trevor Janicke (Healthy), Alex Beaucage (Healthy), Nico Daws (Healthy), Tristan Lennox (Healthy)

Laval Rocket

5 vs 5 Forward 
   Center                   Left Wing                Right Wing               Time % Phy DF OF 
 1 Jackson Blake            Fyodor Svechkov          Arttu Hyry               30     1   2  2  
 2 Justin Hryckowian        Vasili Ponomarev         Ethen Frank              30     1   2  2  
 3 Stephen Halliday         Oliver Kapanen           Olle Lycksell            25     1   2  2  
 4 Vasili Ponomarev         Arttu Hyry               Martin Chromiak          15     1   2  2  

5 vs 5 Defense 
   Defense                  Defense                                           Time % Phy DF OF 
 1 Lian Bichsel             Colin Miller                                      30     1   2  2  
 2 Tobias Bjornfot          David Spacek                                      30     1   2  2  
 3 Mikko Kokkonen           Roman Schmidt                                     25     1   2  2  
 4 Lian Bichsel             Colin Miller                                      15     1   2  2  

PowerPlay Forward 
   Center                   Left Wing                Right Wing               Time % Phy DF OF 
 1 Jackson Blake            Fyodor Svechkov          Arttu Hyry               50     1   2  2  
 2 Justin Hryckowian        Vasili Ponomarev         Ethen Frank              50     1   2  2  

PowerPlay Defense
   Defense                  Defense                                           Time % Phy DF OF 
 1 Lian Bichsel             Colin Miller                                      50     1   2  2  
 2 Tobias Bjornfot          David Spacek                                      50     1   2  2  

Penalty Kill 4 Players Forward 
   Center                   Wing                     Time % Phy DF OF 
 1 Arttu Hyry               Jackson Blake            50     1   2  2  
 2 Fyodor Svechkov          Justin Hryckowian        50     1   2  2  

Penalty Kill 4 Players Defense
   Defense                  Defense                  Time % Phy DF OF 
 1 Lian Bichsel             Colin Miller             50     1   2  2  
 2 Tobias Bjornfot          David Spacek             50     1   2  2  

Penalty Kill - 3 Players Forward 
   Forward                                           Time % Phy DF OF 
 1 Arttu Hyry                                        50     1   2  2  
 2 Jackson Blake                                     50     1   2  2  

Penalty Kill - 3 Players Defense
   Defense                  Defense                  Time % Phy DF OF 
 1 Lian Bichsel             Colin Miller             50     1   2  2  
 2 Tobias Bjornfot          David Spacek             50     1   2  2  

4 vs 4 Forward 
   Center                   Wing                     Time % Phy DF OF 
 1 Arttu Hyry               Jackson Blake            50     1   2  2  
 2 Fyodor Svechkov          Justin Hryckowian        50     1   2  2  

4 vs 4 Defense
   Defense                  Defense                  Time % Phy DF OF 
 1 Lian Bichsel             Colin Miller             50     1   2  2  
 2 Tobias Bjornfot          David Spacek             50     1   2  2  

Last Minutes Offensive
   Center                   Left Wing                Right Wing               Defense                  Defense                  
   Jackson Blake            Fyodor Svechkov          Arttu Hyry               Lian Bichsel             Colin Miller             

Last Minutes Defensive
   Center                   Left Wing                Right Wing               Defense                  Defense                  
   Jackson Blake            Fyodor Svechkov          Arttu Hyry               Lian Bichsel             Colin Miller             

Goaltenders
Starting : Jet Greaves              
Backup : Alexei Kolosov           

Extra Forwards
Normal : Felix Unger Sorum, Gleb Veremyev, Stephen Halliday - PP : Felix Unger Sorum, Gleb Veremyev - PK : Stephen Halliday
Extra Defensemen
Normal : Mikko Kokkonen, Roman Schmidt, Tobias Bjornfot - PP : Mikko Kokkonen - PK : Roman Schmidt, Tobias Bjornfot
Penalty Shots
Arttu Hyry, Jackson Blake, Fyodor Svechkov, Justin Hryckowian, Stephen Halliday

Scratches
Akil Thomas (Healthy), Dmitri Ovchinnikov (Healthy), Matt Stienburg (Healthy), Mikulas Hovorka (Healthy), Trey Taylor (Healthy)
Zach Sawchenko (Healthy), Calle Clang (Healthy), Callum Tung (Healthy), Pavel Cajan (Healthy)

% Time on Ice - Atlantic City Gamblers

Lines # - Real PCT - Wanted PCT - Time Play
Normal Forward
1 - 31% - 30% - 13:16
2 - 28% - 30% - 11:51
3 - 26% - 25% - 11:21
4 - 15% - 15% - 6:32
Normal Defense
1 - 37% - 38% - 16:01
2 - 38% - 37% - 16:10
3 - 25% - 25% - 10:49
4 - 0% - 0% - 0:00
PP Forward
1 - 50% - 50% - 5:57
2 - 50% - 50% - 5:57
PP Defense
1 - 49% - 50% - 5:51
2 - 51% - 50% - 6:03
PK Forward
1 - 63% - 55% - 2:40
2 - 38% - 45% - 1:36
PK Defense
1 - 58% - 55% - 2:28
2 - 42% - 45% - 1:48
PK3 Forward
1 - 0% - 50%
2 - 0% - 50%
PK3 Defense
1 - 0% - 50%
2 - 0% - 50%
44 Forward
1 - 0% - 45%
2 - 0% - 55%
44 Defense
1 - 0% - 45%
2 - 0% - 55%
Last Minute Offensive  - 0:00
Last Minute Defensive  - 0:50
Total
Forward - 60:00
Defense - 60:00

% Time on Ice - Laval Rocket

Lines # - Real PCT - Wanted PCT - Time Play
Normal Forward
1 - 29% - 30% - 12:18
2 - 28% - 30% - 11:55
3 - 31% - 25% - 13:26
4 - 12% - 15% - 5:20
Normal Defense
1 - 32% - 30% - 13:39
2 - 33% - 30% - 14:00
3 - 25% - 25% - 10:42
4 - 11% - 15% - 4:38
PP Forward
1 - 51% - 50% - 2:11
2 - 49% - 50% - 2:05
PP Defense
1 - 49% - 50% - 2:06
2 - 51% - 50% - 2:10
PK Forward
1 - 49% - 50% - 5:53
2 - 51% - 50% - 6:01
PK Defense
1 - 53% - 50% - 6:19
2 - 47% - 50% - 5:35
PK3 Forward
1 - 0% - 50%
2 - 0% - 50%
PK3 Defense
1 - 0% - 50%
2 - 0% - 50%
44 Forward
1 - 0% - 50%
2 - 0% - 50%
44 Defense
1 - 0% - 50%
2 - 0% - 50%
Last Minute Offensive  - 0:51
Last Minute Defensive  - 0:00
Total
Forward - 60:00
Defense - 60:00

Play-by-Play

1st period


0:01 of 1st period - Jackson Blake wins face-off versus Thomas Bordeleau in neutral zone.
0:49 of 1st period - Snap shot by Stephen Halliday.
0:49 of 1st period - Shot Misses the Net.
0:51 of 1st period - Snap shot by Oliver Kapanen.
0:51 of 1st period - Stopped by Jan Bednar without a rebound.
0:52 of 1st period - Stephen Halliday wins face-off versus Caedan Bankier in Atlantic City Gamblers zone.
0:55 of 1st period - Backhand shot by Olle Lycksell.
0:55 of 1st period - Shot Misses the Net.
1:06 of 1st period - Minor Penalty to Roman Schmidt for Holding.
1:07 of 1st period - Thomas Bordeleau wins face-off versus Arttu Hyry in Laval Rocket zone.
2:28 of 1st period - Colin Miller is hit by Yegor Chinakhov and loses puck.
3:06 of 1st period - Penalty to Roman Schmidt is over, Roman Schmidt is back on ice.
3:23 of 1st period - Snap shot by Olle Lycksell.
3:23 of 1st period - Stopped by Jan Bednar without a rebound.
3:24 of 1st period - Stephen Halliday wins face-off versus Caedan Bankier in Atlantic City Gamblers zone.
3:27 of 1st period - Wrist shot by Olle Lycksell.
3:27 of 1st period - Shot Blocked by Caedan Bankier.
3:48 of 1st period - Alexander Holtz is hit by Stephen Halliday and loses puck.
4:33 of 1st period - Stephen Halliday is hit by Marek Alscher and loses puck.
4:46 of 1st period - Slapshot by Colin Miller.
4:46 of 1st period - Deflect By Stephen Halliday.
4:46 of 1st period - Shot Misses the Net.
4:46 of 1st period - Puck is out of play.
4:47 of 1st period - Justin Hryckowian wins face-off versus Thomas Bordeleau in Atlantic City Gamblers zone.
5:57 of 1st period - Icing by Nils Hoglander.
5:58 of 1st period - Justin Hryckowian wins face-off versus Tristan Broz in Atlantic City Gamblers zone.
6:15 of 1st period - Arttu Hyry is hit by Yegor Chinakhov and loses puck.
6:28 of 1st period - Wrist shot by Nils Hoglander.
6:28 of 1st period - Shot Misses the Net.
6:30 of 1st period - Wrist shot by Nils Hoglander.
6:30 of 1st period - Stopped by Jet Greaves without a rebound.
6:30 of 1st period - Minor Penalty to Jet Greaves for Slashing.
6:31 of 1st period - Tristan Broz wins face-off versus Fyodor Svechkov in Laval Rocket zone.
7:36 of 1st period - Wrist shot by Jackson Blake.
7:36 of 1st period - Stopped by Jan Bednar without a rebound.
7:37 of 1st period - Fyodor Svechkov wins face-off versus Tristan Broz in Atlantic City Gamblers zone.
8:18 of 1st period - Boris Katchouk is hit by Stephen Halliday and loses puck.
8:30 of 1st period - Penalty to Justin Hryckowian is over, Justin Hryckowian is back on ice.
8:51 of 1st period - Noah Juulsen is hit by Mikko Kokkonen and loses puck.
9:02 of 1st period - Snap shot by Hendrix Lapierre.
9:02 of 1st period - Stopped by Jet Greaves with a rebound.
9:42 of 1st period - Nils Hoglander is hit by David Spacek and loses puck.
10:25 of 1st period - Snap shot by Stephen Halliday.
10:25 of 1st period - Shot Misses the Net.
11:46 of 1st period - Off-side.
11:47 of 1st period - Tristan Broz wins face-off versus Jackson Blake in neutral zone.
12:00 of 1st period - Wrist shot by Jackson Blake.
12:00 of 1st period - Stopped by Jan Bednar with a rebound.
12:02 of 1st period - Wrist shot by Jackson Blake.
12:02 of 1st period - Stopped by Jan Bednar with a rebound.
12:22 of 1st period - Wrist shot by Hendrix Lapierre.
12:22 of 1st period - Goal by Hendrix Lapierre - Atlantic City Gamblers : 1 - Laval Rocket : 0.
12:23 of 1st period - Fyodor Svechkov wins face-off versus Hendrix Lapierre in neutral zone.
12:34 of 1st period - Minor Penalty to Jackson Blake for Cross-checking.
12:35 of 1st period - Arttu Hyry wins face-off versus Thomas Bordeleau in Laval Rocket zone.
12:51 of 1st period - Wrist shot by Stephen Halliday.
12:51 of 1st period - Deflect By Arttu Hyry.
12:51 of 1st period - Stopped by Jan Bednar with a rebound.
13:08 of 1st period - Snap shot by Boris Katchouk.
13:08 of 1st period - Stopped by Jet Greaves with a rebound.
13:10 of 1st period - Snap shot by Yegor Sokolov.
13:10 of 1st period - Stopped by Jet Greaves without a rebound.
13:11 of 1st period - Tristan Broz wins face-off versus Fyodor Svechkov in Laval Rocket zone.
13:14 of 1st period - Snap shot by Yegor Sokolov.
13:14 of 1st period - Shot Misses the Net.
13:16 of 1st period - Slapshot by Noah Juulsen.
13:16 of 1st period - Shot Blocked by David Spacek.
13:18 of 1st period - Slapshot by Nils Hoglander.
13:18 of 1st period - Shot Misses the Net.
13:20 of 1st period - Snap shot by Tristan Broz.
13:20 of 1st period - Shot Misses the Net.
13:22 of 1st period - Slapshot by Noah Juulsen.
13:22 of 1st period - Shot Misses the Net.
13:24 of 1st period - Backhand shot by Noah Juulsen.
13:24 of 1st period - Deflect By Fyodor Svechkov.
13:24 of 1st period - Stopped by Jet Greaves with a rebound.
13:26 of 1st period - Snap shot by Yegor Sokolov.
13:26 of 1st period - Stopped by Jet Greaves with a rebound.
14:34 of 1st period - Penalty to Jackson Blake is over, Jackson Blake is back on ice.
15:27 of 1st period - Icing by Yegor Sokolov.
15:28 of 1st period - Tristan Broz wins face-off versus Vasili Ponomarev in Atlantic City Gamblers zone.
15:39 of 1st period - Snap shot by Hendrix Lapierre.
15:39 of 1st period - Shot Misses the Net.
15:45 of 1st period - Minor Penalty to David Spacek for Roughing.
15:46 of 1st period - Thomas Bordeleau wins face-off versus Fyodor Svechkov in Laval Rocket zone.
16:11 of 1st period - Jackson Blake is hit by Boris Katchouk and loses puck.
16:23 of 1st period - Snap shot by Boris Katchouk.
16:23 of 1st period - Stopped by Jet Greaves with a rebound.
16:33 of 1st period - Snap shot by Fyodor Svechkov.
16:33 of 1st period - Shot Misses the Net.
17:45 of 1st period - Penalty to David Spacek is over, David Spacek is back on ice.
17:50 of 1st period - Wrist shot by Olle Lycksell.
17:50 of 1st period - Stopped by Jan Bednar without a rebound.
17:51 of 1st period - Stephen Halliday wins face-off versus Caedan Bankier in Atlantic City Gamblers zone.
18:32 of 1st period - Snap shot by Jackson Blake.
18:32 of 1st period - Goal by Jackson Blake - Atlantic City Gamblers : 1 - Laval Rocket : 1.
18:33 of 1st period - Tristan Broz wins face-off versus Jackson Blake in neutral zone.
19:28 of 1st period - Slapshot by Alexander Holtz.
19:28 of 1st period - Shot Misses the Net.
Goals for this period are 1 for Atlantic City Gamblers vs 1 for Laval Rocket.
Shots for this period are 8 for Atlantic City Gamblers vs 8 for Laval Rocket.

2nd period


0:01 of 2nd period - Justin Hryckowian wins face-off versus Tristan Broz in neutral zone.
0:05 of 2nd period - Icing by Boris Katchouk.
0:06 of 2nd period - Vasili Ponomarev wins face-off versus Tristan Broz in Atlantic City Gamblers zone.
0:33 of 2nd period - Shakir Mukhamadullin is hit by Lian Bichsel and loses puck.
1:06 of 2nd period - Wrist shot by Alexander Holtz.
1:06 of 2nd period - Stopped by Jet Greaves without a rebound.
1:07 of 2nd period - Jackson Blake wins face-off versus Boris Katchouk in Laval Rocket zone.
1:32 of 2nd period - Yegor Chinakhov is hit by Justin Hryckowian.
1:40 of 2nd period - Snap shot by Ethen Frank.
1:40 of 2nd period - Shot Misses the Net.
2:19 of 2nd period - Slapshot by Jackson Blake.
2:19 of 2nd period - Stopped by Jan Bednar without a rebound.
2:20 of 2nd period - Tristan Broz wins face-off versus Jackson Blake in Atlantic City Gamblers zone.
2:29 of 2nd period - Snap shot by Boris Katchouk.
2:29 of 2nd period - Stopped by Jet Greaves without a rebound.
2:30 of 2nd period - Justin Hryckowian wins face-off versus Tristan Broz in Laval Rocket zone.
2:30 of 2nd period - Justin Hryckowian is hit by Tristan Broz.
2:31 of 2nd period - Justin Hryckowian and Boris Katchouk fight to a draw.
2:31 of 2nd period - Penalty to Justin Hryckowian for Fighting.
2:31 of 2nd period - Penalty to Boris Katchouk for Fighting.
2:32 of 2nd period - Tristan Broz wins face-off versus Felix Unger Sorum in Laval Rocket zone.
2:47 of 2nd period - Colin Miller is hit by Tristan Broz and loses puck.
3:17 of 2nd period - Shakir Mukhamadullin is hit by Vasili Ponomarev and loses puck.
3:26 of 2nd period - Wrist shot by Vasili Ponomarev.
3:26 of 2nd period - Shot Misses the Net.
3:28 of 2nd period - Snap shot by Ethen Frank.
3:28 of 2nd period - Goal by Ethen Frank - Atlantic City Gamblers : 1 - Laval Rocket : 2.
3:29 of 2nd period - Tristan Broz wins face-off versus Jackson Blake in neutral zone.
3:34 of 2nd period - Wrist shot by Tristan Broz.
3:34 of 2nd period - Stopped by Jet Greaves with a rebound.
3:36 of 2nd period - Slapshot by Tristan Broz.
3:36 of 2nd period - Shot Blocked by Colin Miller.
3:38 of 2nd period - Snap shot by Tristan Broz.
3:38 of 2nd period - Shot Misses the Net.
3:54 of 2nd period - Ronnie Attard is hit by Lian Bichsel and loses puck.
4:03 of 2nd period - Slapshot by Olle Lycksell.
4:03 of 2nd period - Shot Misses the Net.
5:03 of 2nd period - Snap shot by Yegor Sokolov.
5:03 of 2nd period - Shot Misses the Net.
5:22 of 2nd period - Icing by Noah Juulsen.
5:23 of 2nd period - Tristan Broz wins face-off versus Jackson Blake in Atlantic City Gamblers zone.
5:23 of 2nd period - Tristan Broz is hit by Jackson Blake.
5:55 of 2nd period - Snap shot by Ivan Miroshnichenko.
5:55 of 2nd period - Shot Misses the Net.
5:57 of 2nd period - Snap shot by Noah Juulsen.
5:57 of 2nd period - Stopped by Jet Greaves with a rebound.
5:59 of 2nd period - Snap shot by Ivan Miroshnichenko.
5:59 of 2nd period - Stopped by Jet Greaves with a rebound.
6:01 of 2nd period - Snap shot by Alexander Holtz.
6:01 of 2nd period - Shot Misses the Net.
6:49 of 2nd period - Icing by Marek Alscher.
6:50 of 2nd period - Oliver Kapanen wins face-off versus Jean-Luc Foudy in Atlantic City Gamblers zone.
6:51 of 2nd period - Wrist shot by Stephen Halliday.
6:51 of 2nd period - Stopped by Jan Bednar with a rebound.
6:53 of 2nd period - Snap shot by Stephen Halliday.
6:53 of 2nd period - Shot Misses the Net.
6:59 of 2nd period - Wrist shot by Oliver Kapanen.
6:59 of 2nd period - Shot Misses the Net.
7:01 of 2nd period - Snap shot by Olle Lycksell.
7:01 of 2nd period - Stopped by Jan Bednar without a rebound.
7:02 of 2nd period - Tristan Broz wins face-off versus Vasili Ponomarev in Atlantic City Gamblers zone.
7:17 of 2nd period - Wrist shot by Yegor Sokolov.
7:17 of 2nd period - Stopped by Jet Greaves with a rebound.
7:43 of 2nd period - Snap shot by Yegor Chinakhov.
7:43 of 2nd period - Shot Blocked by Tobias Bjornfot.
8:55 of 2nd period - Wrist shot by Alexander Holtz.
8:55 of 2nd period - Goal by Alexander Holtz - Atlantic City Gamblers : 2 - Laval Rocket : 2.
8:56 of 2nd period - Vasili Ponomarev wins face-off versus Yegor Chinakhov in neutral zone.
9:01 of 2nd period - Snap shot by Vasili Ponomarev.
9:01 of 2nd period - Shot Blocked by Noah Juulsen.
9:03 of 2nd period - Slapshot by Colin Miller.
9:03 of 2nd period - Stopped by Jan Bednar with a rebound.
9:52 of 2nd period - Wrist shot by Olle Lycksell.
9:52 of 2nd period - Stopped by Jan Bednar with a rebound.
9:54 of 2nd period - Wrist shot by Olle Lycksell.
9:54 of 2nd period - Shot Misses the Net.
9:56 of 2nd period - Snap shot by Stephen Halliday.
9:56 of 2nd period - Shot Misses the Net.
9:58 of 2nd period - Wrist shot by Olle Lycksell.
9:58 of 2nd period - Shot Misses the Net.
10:00 of 2nd period - Slapshot by Colin Miller.
10:00 of 2nd period - Stopped by Jan Bednar without a rebound.
10:01 of 2nd period - Jackson Blake wins face-off versus Caedan Bankier in Atlantic City Gamblers zone.
10:06 of 2nd period - Snap shot by Fyodor Svechkov.
10:06 of 2nd period - Stopped by Jan Bednar with a rebound.
10:14 of 2nd period - Arttu Hyry is hit by Noah Juulsen and loses puck.
10:32 of 2nd period - Snap shot by Boris Katchouk.
10:32 of 2nd period - Shot Blocked by Ethen Frank.
10:34 of 2nd period - Snap shot by Yegor Sokolov.
10:34 of 2nd period - Stopped by Jet Greaves with a rebound.
10:36 of 2nd period - Wrist shot by Tristan Broz.
10:36 of 2nd period - Stopped by Jet Greaves with a rebound.
10:38 of 2nd period - Snap shot by Boris Katchouk.
10:38 of 2nd period - Shot Hit the Post.
10:40 of 2nd period - Snap shot by Boris Katchouk.
10:40 of 2nd period - Shot Misses the Net.
11:15 of 2nd period - Snap shot by Nathan Bastian.
11:15 of 2nd period - Stopped by Jet Greaves with a rebound.
11:34 of 2nd period - Icing by Yegor Sokolov.
11:35 of 2nd period - Tristan Broz wins face-off versus Stephen Halliday in Atlantic City Gamblers zone.
11:56 of 2nd period - Wrist shot by Fyodor Svechkov.
11:56 of 2nd period - Stopped by Jan Bednar without a rebound.
11:57 of 2nd period - Jackson Blake wins face-off versus Thomas Bordeleau in Atlantic City Gamblers zone.
12:04 of 2nd period - Slapshot by Fyodor Svechkov.
12:04 of 2nd period - Shot Misses the Net.
12:06 of 2nd period - Slapshot by David Spacek.
12:06 of 2nd period - Stopped by Jan Bednar without a rebound.
12:07 of 2nd period - Justin Hryckowian wins face-off versus Caedan Bankier in Atlantic City Gamblers zone.
12:10 of 2nd period - Snap shot by Ethen Frank.
12:10 of 2nd period - Deflect By Justin Hryckowian.
12:10 of 2nd period - Shot Blocked by Filip Roos.
12:10 of 2nd period - Puck is out of play.
12:11 of 2nd period - Caedan Bankier wins face-off versus Justin Hryckowian in Atlantic City Gamblers zone.
12:13 of 2nd period - Minor Penalty to Noah Warren for Goalie Interference.
12:14 of 2nd period - Thomas Bordeleau wins face-off versus Fyodor Svechkov in Atlantic City Gamblers zone.
12:28 of 2nd period - Snap shot by Arttu Hyry.
12:28 of 2nd period - Shot Blocked by Filip Roos.
12:30 of 2nd period - Snap shot by Arttu Hyry.
12:30 of 2nd period - Stopped by Jan Bednar with a rebound.
13:14 of 2nd period - Vasili Ponomarev is hit by Tristan Broz.
14:13 of 2nd period - Penalty to Noah Warren is over, Noah Warren is back on ice.
14:35 of 2nd period - Snap shot by Olle Lycksell.
14:35 of 2nd period - Stopped by Jan Bednar with a rebound.
14:37 of 2nd period - Slapshot by Olle Lycksell.
14:37 of 2nd period - Shot Misses the Net.
15:18 of 2nd period - Jackson Blake is hit by Tristan Broz and loses puck.
15:43 of 2nd period - Snap shot by Ethen Frank.
15:43 of 2nd period - Deflect By Tristan Broz.
15:43 of 2nd period - Shot Misses the Net.
15:43 of 2nd period - Puck is out of play.
15:44 of 2nd period - Justin Hryckowian wins face-off versus Thomas Bordeleau in Atlantic City Gamblers zone.
15:53 of 2nd period - Wrist shot by Yegor Chinakhov.
15:53 of 2nd period - Stopped by Jet Greaves without a rebound.
15:54 of 2nd period - Jackson Blake wins face-off versus Thomas Bordeleau in Laval Rocket zone.
16:11 of 2nd period - Jackson Blake is hit by Noah Juulsen and loses puck.
16:42 of 2nd period - Off-side.
16:43 of 2nd period - Tristan Broz wins face-off versus Justin Hryckowian in neutral zone.
17:13 of 2nd period - Snap shot by Oliver Kapanen.
17:13 of 2nd period - Stopped by Jan Bednar without a rebound.
17:14 of 2nd period - Caedan Bankier wins face-off versus Stephen Halliday in Atlantic City Gamblers zone.
17:36 of 2nd period - Snap shot by Ivan Miroshnichenko.
17:36 of 2nd period - Goal by Ivan Miroshnichenko - Atlantic City Gamblers : 3 - Laval Rocket : 2.
17:37 of 2nd period - Tristan Broz wins face-off versus Ethen Frank in neutral zone.
18:31 of 2nd period - Wrist shot by Ivan Miroshnichenko.
18:31 of 2nd period - Stopped by Jet Greaves with a rebound.
18:43 of 2nd period - David Spacek is hit by Nils Hoglander.
18:53 of 2nd period - Slapshot by Nils Hoglander.
18:53 of 2nd period - Shot Misses the Net.
19:05 of 2nd period - Wrist shot by Vasili Ponomarev.
19:05 of 2nd period - Goal by Vasili Ponomarev - Atlantic City Gamblers : 3 - Laval Rocket : 3.
19:06 of 2nd period - Vasili Ponomarev wins face-off versus Tristan Broz in neutral zone.
19:21 of 2nd period - Snap shot by Arttu Hyry.
19:21 of 2nd period - Stopped by Jan Bednar without a rebound.
19:22 of 2nd period - Thomas Bordeleau wins face-off versus Jackson Blake in Atlantic City Gamblers zone.
19:27 of 2nd period - Snap shot by Yegor Chinakhov.
19:27 of 2nd period - Shot Blocked by Colin Miller.
19:47 of 2nd period - Shakir Mukhamadullin is hit by Justin Hryckowian and loses puck.
19:56 of 2nd period - Wrist shot by Justin Hryckowian.
19:56 of 2nd period - Stopped by Jan Bednar without a rebound.
19:57 of 2nd period - Justin Hryckowian wins face-off versus Caedan Bankier in Atlantic City Gamblers zone.
Goals for this period are 2 for Atlantic City Gamblers vs 2 for Laval Rocket.
Shots for this period are 13 for Atlantic City Gamblers vs 16 for Laval Rocket.

3rd period


0:01 of 3rd period - Caedan Bankier wins face-off versus Justin Hryckowian in neutral zone.
0:22 of 3rd period - Minor Penalty to Filip Roos for Tripping.
0:23 of 3rd period - Thomas Bordeleau wins face-off versus Justin Hryckowian in Atlantic City Gamblers zone.
0:32 of 3rd period - Wrist shot by Thomas Bordeleau.
0:32 of 3rd period - Shot Misses the Net.
2:22 of 3rd period - Penalty to Filip Roos is over, Filip Roos is back on ice.
2:34 of 3rd period - Wrist shot by Filip Roos.
2:34 of 3rd period - Stopped by Jet Greaves without a rebound.
2:35 of 3rd period - Stephen Halliday wins face-off versus Caedan Bankier in Laval Rocket zone.
3:43 of 3rd period - Icing by Thomas Bordeleau.
3:44 of 3rd period - Vasili Ponomarev wins face-off versus Thomas Bordeleau in Atlantic City Gamblers zone.
3:45 of 3rd period - Snap shot by Arttu Hyry.
3:45 of 3rd period - Stopped by Jan Bednar with a rebound.
4:23 of 3rd period - Snap shot by Yegor Chinakhov.
4:23 of 3rd period - Shot Misses the Net.
4:48 of 3rd period - Wrist shot by Yegor Chinakhov.
4:48 of 3rd period - Stopped by Jet Greaves with a rebound.
4:50 of 3rd period - Wrist shot by Thomas Bordeleau.
4:50 of 3rd period - Deflect By Jackson Blake.
4:50 of 3rd period - Stopped by Jet Greaves without a rebound.
4:51 of 3rd period - Justin Hryckowian wins face-off versus Tristan Broz in Laval Rocket zone.
4:51 of 3rd period - Justin Hryckowian is hit by Yegor Sokolov.
4:54 of 3rd period - Minor Penalty to Lian Bichsel for Diving.
4:55 of 3rd period - Tristan Broz wins face-off versus Fyodor Svechkov in Laval Rocket zone.
4:59 of 3rd period - Slapshot by Nils Hoglander.
4:59 of 3rd period - Shot Blocked by Roman Schmidt.
6:54 of 3rd period - Penalty to Lian Bichsel is over, Lian Bichsel is back on ice.
7:44 of 3rd period - Shakir Mukhamadullin is hit by Arttu Hyry and loses puck.
10:06 of 3rd period - Nils Hoglander is hit by Fyodor Svechkov and loses puck.
11:00 of 3rd period - Mikko Kokkonen is hit by Marek Alscher and loses puck.
11:37 of 3rd period - Alexander Holtz is hit by Stephen Halliday and loses puck.
11:51 of 3rd period - Minor Penalty to Lian Bichsel for Hooking.
11:52 of 3rd period - Fyodor Svechkov wins face-off versus Thomas Bordeleau in Laval Rocket zone.
11:59 of 3rd period - Snap shot by Hendrix Lapierre.
11:59 of 3rd period - Stopped by Jet Greaves without a rebound.
12:00 of 3rd period - Hendrix Lapierre wins face-off versus Fyodor Svechkov in Laval Rocket zone.
12:05 of 3rd period - Wrist shot by Yegor Chinakhov.
12:05 of 3rd period - Stopped by Jet Greaves without a rebound.
12:06 of 3rd period - Thomas Bordeleau wins face-off versus Jackson Blake in Laval Rocket zone.
12:19 of 3rd period - Snap shot by Hendrix Lapierre.
12:19 of 3rd period - Shot Hit the Post.
12:21 of 3rd period - Snap shot by Thomas Bordeleau.
12:21 of 3rd period - Shot Misses the Net.
12:52 of 3rd period - Off-side.
12:53 of 3rd period - Yegor Chinakhov wins face-off versus Fyodor Svechkov in neutral zone.
13:06 of 3rd period - Arttu Hyry is hit by Thomas Bordeleau.
13:16 of 3rd period - Hendrix Lapierre is hit by Roman Schmidt.
13:30 of 3rd period - Snap shot by Tristan Broz.
13:30 of 3rd period - Shot Misses the Net.
13:32 of 3rd period - Wrist shot by Boris Katchouk.
13:32 of 3rd period - Stopped by Jet Greaves without a rebound.
13:33 of 3rd period - Tristan Broz wins face-off versus Arttu Hyry in Laval Rocket zone.
13:51 of 3rd period - Penalty to Lian Bichsel is over, Lian Bichsel is back on ice.
15:03 of 3rd period - Wrist shot by Alexander Holtz.
15:03 of 3rd period - Stopped by Jet Greaves with a rebound.
16:17 of 3rd period - Yegor Sokolov is hit by Jackson Blake and loses puck.
16:33 of 3rd period - Noah Juulsen is hit by Felix Unger Sorum and loses puck.
16:53 of 3rd period - Icing by Noah Warren.
16:54 of 3rd period - Thomas Bordeleau wins face-off versus Stephen Halliday in Atlantic City Gamblers zone.
16:54 of 3rd period - Thomas Bordeleau is hit by Olle Lycksell.
17:00 of 3rd period - Snap shot by Nathan Bastian.
17:00 of 3rd period - Shot Misses the Net.
17:02 of 3rd period - Slapshot by Shakir Mukhamadullin.
17:02 of 3rd period - Shot Blocked by Stephen Halliday.
17:04 of 3rd period - Wrist shot by Nils Hoglander.
17:04 of 3rd period - Shot Blocked by Colin Miller.
17:06 of 3rd period - Snap shot by Nathan Bastian.
17:06 of 3rd period - Goal by Nathan Bastian - Atlantic City Gamblers : 4 - Laval Rocket : 3.
17:07 of 3rd period - Vasili Ponomarev wins face-off versus Caedan Bankier in neutral zone.
17:18 of 3rd period - Off-side.
17:19 of 3rd period - Caedan Bankier wins face-off versus Vasili Ponomarev in neutral zone.
17:26 of 3rd period - Slapshot by Ivan Miroshnichenko.
17:26 of 3rd period - Stopped by Jet Greaves with a rebound.
17:44 of 3rd period - Colin Miller is hit by Nils Hoglander and loses puck.
18:05 of 3rd period - Slapshot by Jackson Blake.
18:05 of 3rd period - Stopped by Jan Bednar without a rebound.
18:06 of 3rd period - Thomas Bordeleau wins face-off versus Jackson Blake in Atlantic City Gamblers zone.
18:17 of 3rd period - Slapshot by Yegor Chinakhov.
18:17 of 3rd period - Deflect By Thomas Bordeleau.
18:17 of 3rd period - Stopped by Jet Greaves without a rebound.
18:18 of 3rd period - Caedan Bankier wins face-off versus Vasili Ponomarev in Laval Rocket zone.
18:27 of 3rd period - Slapshot by Lian Bichsel.
18:27 of 3rd period - Shot Blocked by Noah Warren.
18:29 of 3rd period - Slapshot by Colin Miller.
18:29 of 3rd period - Shot Misses the Net.
18:31 of 3rd period - Laval Rocket, Jet Greaves is pulled from the net.
18:31 of 3rd period - Snap shot by Arttu Hyry.
18:31 of 3rd period - Stopped by Jan Bednar without a rebound.
18:32 of 3rd period - Martin Chromiak wins face-off versus Jean-Luc Foudy in Atlantic City Gamblers zone.
18:33 of 3rd period - Wrist shot by Arttu Hyry.
18:33 of 3rd period - Shot Misses the Net.
18:57 of 3rd period - Tristan Broz is hit by Arttu Hyry and loses puck.
19:10 of 3rd period - Snap shot by Jackson Blake.
19:10 of 3rd period - Stopped by Jan Bednar without a rebound.
19:11 of 3rd period - Brent Thompson call a timeout for Laval Rocket.
19:11 of 3rd period - Jackson Blake wins face-off versus Tristan Broz in Atlantic City Gamblers zone.
19:18 of 3rd period - Wrist shot by Fyodor Svechkov.
19:18 of 3rd period - Shot Misses the Net.
19:20 of 3rd period - Snap shot by Fyodor Svechkov.
19:20 of 3rd period - Shot Blocked by Yegor Sokolov.
19:22 of 3rd period - Slapshot by Lian Bichsel.
19:22 of 3rd period - Shot Blocked by Tristan Broz.
19:24 of 3rd period - Wrist shot by Lian Bichsel.
19:24 of 3rd period - Deflect By Arttu Hyry.
19:24 of 3rd period - Stopped by Jan Bednar with a rebound.
19:26 of 3rd period - Snap shot by Lian Bichsel.
19:26 of 3rd period - Stopped by Jan Bednar without a rebound.
19:27 of 3rd period - Jackson Blake wins face-off versus Tristan Broz in Atlantic City Gamblers zone.
19:28 of 3rd period - Snap shot by Fyodor Svechkov.
19:28 of 3rd period - Shot Blocked by Shakir Mukhamadullin.
19:30 of 3rd period - Wrist shot by Lian Bichsel.
19:30 of 3rd period - Stopped by Jan Bednar with a rebound.
19:32 of 3rd period - Slapshot by Colin Miller.
19:32 of 3rd period - Shot Blocked by Yegor Sokolov.
19:34 of 3rd period - Slapshot by Jackson Blake.
19:34 of 3rd period - Stopped by Jan Bednar without a rebound.
19:35 of 3rd period - Jackson Blake wins face-off versus Tristan Broz in Atlantic City Gamblers zone.
19:41 of 3rd period - Minor Penalty to Noah Juulsen for Holding.
19:42 of 3rd period - Thomas Bordeleau wins face-off versus Vasili Ponomarev in Atlantic City Gamblers zone.
19:52 of 3rd period - Wrist shot by Colin Miller.
19:52 of 3rd period - Stopped by Jan Bednar without a rebound.
19:53 of 3rd period - Thomas Bordeleau wins face-off versus Jackson Blake in Atlantic City Gamblers zone.
Goals for this period are 1 for Atlantic City Gamblers vs 0 for Laval Rocket.
Shots for this period are 10 for Atlantic City Gamblers vs 9 for Laval Rocket.